Map: Abyssal Reef LE

Players

Lambo - Winner!

  • Race: Zerg Zerg
  • Spawn Location: 11:00

Minato

  • Race: Zerg Zerg
  • Spawn Location: 5:00

Event: WCS Valencia 2017

VOD

Have the link to the VOD?

Description

Time

  • Played on: July 13, 2017, 10:15 a.m.
  • Length: 4:27

All games in this series

Show
View Real Time Build Order
Export as new Build Order

Lambo Zerg - Winner!

Build Orders: Hatch First 

Get SALT Encoding   

  12  0:00  Drone  
  13  0:12  Overlord  
  13  0:17  Drone  
  14  0:30  Drone x2  
  14  0:34  Drone  
  17  0:52  Hatchery  
  17  0:54  Drone  
  17  0:59  Drone  
  18  1:08  Extractor  
  17  1:13  Spawning Pool  
  17  1:16  Drone  
  17  1:19  Drone  
  18  1:27  Drone  
  19  1:40  Overlord  
  19  1:52  Drone  
  20  1:59  Queen  
  20  2:00  Zergling x2  
  23  2:03  Queen  
  23  2:04  Zergling x2  
  23  2:08  Metabolic Boost  
  26  2:11  Zergling x2  
  27  2:16  Drone  
  27  2:31  Drone x2  
  29  2:41  Baneling Nest  
  29  2:42  Drone  
  29  2:46  Overlord  
  29  2:47  Drone  
  30  2:51  Overlord  
  29  3:04  Zergling x2  
  30  3:08  Zergling x2  
  30  3:10  Hatchery  
  30  3:13  Zergling x4  
  30  3:15  Zergling x2  
  30  3:18  Zergling x2  
  34  3:20  Zergling x2  
  34  3:23  Zergling x2  
  34  3:25  Zergling x2  
  37  3:27  Zergling x2  
  37  3:30  Zergling x2  
  37  3:33  Zergling x2  
  40  3:36  Baneling  
  40  3:37  Baneling x3  
  40  3:39  Baneling  
  40  3:42  Zergling x2  
  40  3:45  Zergling x2  
  40  3:47  Zergling x2  
  43  3:51  Overlord  
  43  4:01  Overlord  
  43  4:03  Overlord  
Show
View Real Time Build Order
Export as new Build Order

Minato Zerg 

Build Orders: Pool First 

Get SALT Encoding   

  12  0:00  Drone  
  13  0:13  Overlord  
  13  0:17  Drone  
  14  0:31  Drone x2  
  14  0:34  Drone  
  17  0:45  Spawning Pool  
  17  0:47  Drone  
  17  1:01  Extractor  
  16  1:12  Hatchery  
  16  1:14  Drone  
  16  1:18  Drone  
  17  1:31  Zergling x4  
  19  1:36  Queen  
  21  1:44  Overlord  
  21  1:54  Drone  
  22  2:03  Drone  
  23  2:11  Queen  
  25  2:18  Drone  
  26  2:26  Drone  
  26  2:28  Drone  
  28  2:33  Drone  
  29  2:43  Drone  
  30  2:44  Drone x3  
  35  2:55  Drone  
  35  2:57  Overlord x2  
  34  3:06  Roach Warren  
  33  3:15  Drone x2  
  33  3:18  Drone x2  
  37  3:24  Drone x3  
  40  3:28  Drone x3  
  40  3:31  Evolution Chamber  
  42  3:37  Extractor  
  42  3:38  Extractor, Drone  
  42  3:39  Drone  
  42  3:47  Roach x2  
  46  3:52  Roach x2  
  46  3:53  Roach  
  52  3:59  Evolution Chamber x2  
  52  4:01  Roach  
Tags
 
Add a new tag
Caveats
  • Supply blocks, unpowered buildings, or Contaminate may cause inaccurate times.
  • Supply counts are checked every 10 seconds.